Map: Blackburn LE

Players

MeomaikA

  • Race: Zerg Zerg

Demi - Winner!

  • Race: Zerg Zerg

Event: DreamHack SC2 Masters 2021 Winter

VOD

Have the link to the VOD?

Description

Time

  • Played on: Sept. 29, 2021, 4:55 a.m.
  • Length: 6:00

All games in this series

Show
View Real Time Build Order
Export as new Build Order

MeomaikA Zerg 

Build Orders: Pool First 

Get SALT Encoding   

  12  0:00  Drone  
  13  0:07  Drone  
  14  0:16  Overlord  
  14  0:23  Drone, Extractor  
  15  0:35  Drone x2  
  17  0:44  Spawning Pool  
  17  0:47  Drone  
  17  1:08  Hatchery  
  17  1:11  Drone  
  17  1:13  Extractor  
  17  1:15  Drone  
  17  1:19  Drone  
  18  1:31  Queen  
  21  1:32  Zergling x2  
  21  1:37  Drone  
  22  1:47  Overlord  
  22  2:06  Drone, Queen  
  25  2:09  Drone  
  25  2:13  Metabolic Boost  
  26  2:20  Drone, Queen  
  30  2:22  Drone  
  30  2:32  Drone x2  
  32  2:38  Drone x3  
  32  2:43  Overlord  
  34  2:53  Overlord  
  34  2:54  Drone  
  35  3:00  Zergling x2  
  35  3:03  Zergling x2  
  35  3:04  Zergling x2  
  38  3:16  Zergling x4  
  38  3:18  Roach Warren  
  38  3:19  Queen  
  41  3:25  Overlord  
  41  3:26  Zergling x2  
  41  3:27  Zergling x4  
  44  3:30  Drone  
  44  3:31  Drone  
  45  3:54  Overlord  
  44  3:58  Roach  
  44  3:59  Roach x3  
  44  4:00  Roach x2  
  44  4:01  Roach x2  
  58  4:03  Roach  
  58  4:09  Roach, Overlord  
  59  4:13  Overlord  
  59  4:18  Roach  
  59  4:21  Roach  
  63  4:27  Zergling x6  
  63  4:30  Zergling x4  
  68  4:34  Zergling x4  
  68  4:35  Zergling x2  
  71  4:44  Roach x2  
  75  4:52  Zergling x2  
  76  4:53  Zergling x2, Queen  
  76  4:55  Zergling x4  
  76  4:57  Zergling x2  
  81  5:03  Zergling x2  
  81  5:04  Zergling x2  
  81  5:16  Zergling x4  
  83  5:33  Drone, Extractor  
  82  5:41  Zergling x4  
  82  5:42  Zergling x2  
Show
View Real Time Build Order
Export as new Build Order

Demi Zerg - Winner!

Build Orders: Pool First 

Get SALT Encoding   

  12  0:00  Drone  
  13  0:12  Overlord  
  13  0:17  Drone  
  14  0:30  Drone x2  
  14  0:35  Drone  
  17  0:43  Extractor  
  17  0:44  Drone  
  17  0:50  Spawning Pool  
  17  0:55  Drone  
  17  1:14  Hatchery  
  16  1:18  Drone  
  17  1:36  Queen  
  17  1:37  Zergling x2  
  17  1:39  Drone  
  21  1:45  Metabolic Boost  
  21  1:52  Overlord  
  21  2:01  Drone  
  22  2:11  Drone x2  
  22  2:12  Queen  
  26  2:19  Baneling Nest  
  25  2:26  Zergling x2  
  26  2:31  Drone  
  27  2:38  Zergling x2  
  27  2:40  Drone  
  29  2:46  Drone  
  29  2:50  Drone  
  29  2:51  Overlord  
  31  2:55  Drone x2  
  33  3:01  Drone  
  34  3:09  Hatchery  
  32  3:13  Drone  
  32  3:14  Drone  
  32  3:17  Drone  
  32  3:19  Baneling  
  35  3:23  Drone x2  
  37  3:30  Zergling x4  
  37  3:32  Zergling x2  
  37  3:33  Zergling x2  
  41  3:34  Baneling x2  
  41  3:38  Zergling x4  
  43  3:45  Overlord  
  42  4:00  Zergling x2  
  42  4:02  Overlord  
  43  4:06  Drone x3  
  43  4:07  Drone  
  43  4:08  Drone  
  47  4:11  Zergling x4, Roach Warren  
  47  4:13  Queen  
  50  4:19  Overlord  
  49  4:32  Spine Crawler  
  49  4:33  Spine Crawler  
  49  4:35  Zergling x12  
  49  4:37  Baneling x2  
  49  4:38  Baneling x2  
  53  4:44  Zergling x6  
  56  4:53  Roach x3  
  56  4:54  Roach  
  56  4:58  Overlord  
  64  5:03  Overlord  
  63  5:10  Roach x2  
  67  5:17  Roach x2  
  73  5:28  Roach x3  
  73  5:29  Roach  
  73  5:32  Overlord x2  
  73  5:34  Overlord  

Tags
 
Add a new tag
Caveats
  • Supply blocks, unpowered buildings, or Contaminate may cause inaccurate times.
  • Supply counts are checked every 10 seconds.